 Dungeon Crawl Stone Soup version 0.20-a0-514-g839ffe0 (webtiles) character file.

211 Lahna the Skirmisher (level 5, -3/46 HPs)
             Began as a Centaur Fighter on Jan 24, 2017.
             Slain by an iguana (11 damage)
             ... on level 4 of the Dungeon.
             The game lasted 00:03:09 (2783 turns).

Lahna the Skirmisher (Centaur Fighter)              Turns: 2783, Time: 00:03:10

Health: -3/46      AC:  6    Str: 19    XL:     5   Next: 57%
Magic:  14/14      EV:  6    Int:  7    God:
Gold:   166        SH:  8    Dex:  9    Spells: 4/4 levels left

rFire    . . .     SeeInvis .   a - +0 long sword
rCold    . . .     Gourm    .   b - +0 scale mail
rNeg     . . .     Faith    .   c - +0 shield
rPois    .         Spirit   .   (no helmet)
rElec    .         Reflect  .   (no cloak)
rCorr    .         Harm     .   (no gloves)
MR       .....                  (no barding)
Stlth    ..........             (no amulet)
Regen    0.2/turn               (no ring)
                                e - ring of magical power

@: very quick
A: hooves 3, deformed body, speed 2, tough skin 3
a: no special abilities


You were on level 4 of the Dungeon.
You were not hungry.

You visited 1 branch of the dungeon, and saw 4 of its levels.

You collected 166 gold pieces.

Inventory:

Hand Weapons
 a - a +0 long sword (weapon)
Armour
 b - a +0 scale mail (worn)
 c - a +0 shield (worn)
Jewellery
 e - a ring of magical power (left hand)
Scrolls
 l - 3 scrolls of identify
 m - a scroll of fog {unknown}
 n - 2 scrolls of immolation {unknown}
 o - 3 scrolls of teleportation {unknown}
Potions
 d - 2 potions of might
 g - a potion of curing
 h - 4 potions of brilliance {unknown}
 k - 3 potions of ambrosia
Comestibles
 f - 3 bread rations
 i - 3 royal jellies
 j - 7 chunks of flesh
 p - a meat ration


   Skills:
 + Level 3.8 Fighting
 + Level 2.6 Long Blades
 + Level 3.1 Armour
 + Level 1.5 Dodging
 + Level 2.7 Shields


You had 4 spell levels left.
You didn't know any spells.

Dungeon Overview and Level Annotations

Branches:
Dungeon (4/15)             Temple (0/1) D:4

Altars:


Innate Abilities, Weirdness & Mutations

You have hooves in place of feet.
Armour fits poorly on your strangely shaped body.
You cover ground very quickly.
You have extremely tough skin. (AC +3)


Message History

You block the iguana's attack.
You hit the iguana.
The iguana is lightly wounded.
The iguana bites you!
* * * LOW HITPOINT WARNING * * *
You are too injured to fight recklessly!
Unknown command.
You hit the iguana. You kick the iguana, but do no damage.
The iguana is heavily wounded.
The iguana bites you.
* * * LOW HITPOINT WARNING * * *
You hit the iguana.
The iguana is severely wounded.
The bullfrog snags a nearby moth with its tongue.
The iguana barely misses you. The iguana bites you!
* * * LOW HITPOINT WARNING * * *
You closely miss the iguana. Your kick misses the iguana.
The iguana is severely wounded.
The iguana bites you!
You die...

░░......░░
░░.....░
░░░░░...░░
.░░.......░
...........░░░░░
.░░░░░░........░
░░░░.░░░░░ ░.░░
░@░ ░l░ .F░ .?.?
..... .......
..<.....
░░░......░


You could see a bullfrog and an iguana.

Vanquished Creatures
  The ghost of Lahna the Skirmisher, an amateur DsCK of Xom (D:3)
  An orc wizard (D:3)
  A hound skeleton (D:4)
  3 adders
  An ooze (D:2)
  3 worms
  2 dart slugs (D:1)
  2 leopard geckos
  7 orcs (D:3)
  3 bats
  4 giant cockroaches
  4 goblins
  4 hobgoblins
  2 jackals (D:4)
  A quokka (D:2)
  2 ball pythons
  3 frilled lizards (D:3)
  A kobold (D:2)
  6 rats (D:1)
51 creatures vanquished.

Notes
Turn   | Place    | Note
-------+----------+-------------------------------------------
     0 | D:1      | Lahna the Centaur Fighter began the quest for the Orb.
     0 | D:1      | Reached XP level 1. HP: 19/19 MP: 1/1
   205 | D:1      | Reached XP level 2. HP: 22/26 MP: 2/2
   777 | D:2      | Reached XP level 3. HP: 22/31 MP: 3/3
  1618 | D:3      | Noticed Lahna's ghost (amateur DsCK)
  1635 | D:3      | Killed Lahna's ghost
  1635 | D:3      | Reached skill level 1 in Dodging
  1635 | D:3      | Reached XP level 4. HP: 14/39 MP: 4/4
  1961 | D:3      | Reached XP level 5. HP: 45/45 MP: 5/5
  2611 | D:4      | Found a staircase to the Ecumenical Temple.
  2636 | D:4      | Noticed a phantom
  2783 | D:4      | Slain by an iguana

Vault maps used:
D:1:      dpeg_arrival_rooms_with_view
D:4:      minmay_temple_entry_grid, serial_shops, shop_fountains,
          minmay_misc_feat_more_columns

Skill      XL: |  1  2  3  4  5 |
---------------+----------------+-----
Long Blades    | 2 |  2.6
Dodging        | 1 |  1.5
Armour         | 3 |  3.1
Fighting       | |  3.8
Shields        | |  2.7

Action                   |  1- 3 |  4- 6 || total
-------------------------+-------+-------++-------
Melee: Long sword        |   114 |    89 ||   203
       Kick              |    19 |    22 ||    41
  Use: Scroll            |     3 |       ||     3
       Potion            |     1 |       ||     1
  Eat: Chunk             |     1 |     4 ||     5
Armor: Scale mail        |    54 |    34 ||    88
Dodge: Dodged            |    26 |    17 ||    43
Block: Shield            |    51 |    31 ||    82
       Rpst.: Long sword |     9 |     4 ||    13
